 Dungeon Crawl Stone Soup version 0.25-a0-589-g1e14c549ee (webtiles) character file.

Game seed: 134169130479378861, levelgen mode: deterministic

1950 KiliKikkendorf the Chopper (level 9, 0/68 HPs)
             Began as a Hill Orc Fire Elementalist on Mar 9, 2020.
             Was a Follower of Vehumet.
             Slain by a wraith (11 damage)
             ... on level 7 of the Dungeon on Mar 11, 2020.
             The game lasted 01:19:29 (8686 turns).

KiliKikkendorf the Chopper (HOFE)                   Turns: 8686, Time: 01:19:29

Health: 0/68       AC:  8    Str: 14    XL:     9   Next: 18%
Magic:  23/23      EV: 12    Int: 15    God:    Vehumet [*.....]
Gold:   342        SH:  0    Dex: 11    Spells: 10/14 levels left

rFire    . . .     SeeInvis .   e - +0 hand axe
rCold    . . .     Gourm    .   (no shield)
rNeg     . . .     Faith    .   p - +0 leather armour
rPois    .         Spirit   .   g - +2 helmet
rElec    .         Reflect  .   h - +1 cloak
rCorr    +         Harm     .   (no gloves)
MR       .....                  (no boots)
Stlth    ++........             (no amulet)
HPRegen  0.21/turn              d - ring of magical power
MPRegen  0.18/turn              n - ring of resist corrosion

@: slowed, very slow
A: no striking features
a: Renounce Religion


You were on level 7 of the Dungeon.
You worshipped Vehumet.
Vehumet was aware of your devotion.
You were not hungry.

You visited 2 branches of the dungeon, and saw 8 of its levels.

You collected 342 gold pieces.

Inventory:

Hand Weapons
 a - a +0 arbalest
 e - a +0 hand axe (weapon)
Missiles
 b - 23 poisoned darts (quivered)
 q - 11 bolts
Armour
 g - a +2 helmet (worn)
 h - a +1 cloak (worn)
 p - a +0 leather armour (worn)
Jewellery
 d - a ring of magical power (left hand)
 k - an uncursed ring of protection from cold
 n - a ring of resist corrosion (right hand)
 s - a +5 ring of protection
Wands
 f - a wand of paralysis (5)
 t - a wand of polymorph (7)
Scrolls
 i - 11 scrolls of identify
 j - 5 scrolls of remove curse
 l - 2 scrolls of amnesia
Potions
 o - a potion of haste
 r - a potion of curing
Comestibles
 c - 11 rations


   Skills:
 + Level 2.4 Fighting
 * Level 7.8 Axes
 + Level 0.2 Crossbows
 + Level 4.2 Throwing
 + Level 3.0 Armour
 + Level 3.1 Dodging
 + Level 2.1 Stealth
 + Level 3.4 Spellcasting
 + Level 3.1 Conjurations
 * Level 5.8 Fire Magic


You had 10 spell levels left.
You knew the following spells:

 Your Spells              Type           Power        Failure   Level  Hunger
a - Foxfire               Conj/Fire      ###.         3%          1    None
b - Inner Flame           Hex/Fire       ##......     22%         3    ###....

Your spell library contained the following spells:

 Spells                   Type           Power        Failure   Level  Hunger
 Magic Dart               Conj           ##..         7%          1    None
 Conjure Flame            Conj/Fire      ###.....     11%         3    ###....
 Sticky Flame             Conj/Fire      ###.....     36%         4    ####...
 Fireball                 Conj/Fire      ###.......   71%         5    ######.


Dungeon Overview and Level Annotations

Branches:
Dungeon (7/15)             Temple (1/1) D:5

Altars:
Ashenzari
Cheibriados
Dithmenos
Elyvilon
Fedhas
Gozag
Hepliaklqana
Makhleb
Nemelex Xobeh
Okawaru
Qazlal
Ru
Sif Muna
Trog
Uskayaw
Vehumet
Wu Jian
Xom
Yredelemnul
Zin
The Shining One


Message History

You slash the wraith!
The wraith is heavily damaged.
The wraith hits you but does no damage.
You hit the wraith.
The wraith is heavily damaged.
The wraith hits you!
You closely miss the wraith.
The wraith is heavily damaged.
The wraith misses you. The wraith hits you!
* * * LOW HITPOINT WARNING * * *
You closely miss the wraith.
The wraith is heavily damaged.
The wraith hits you!
* * * LOW HITPOINT WARNING * * *
You hit the wraith but do no damage.
The wraith is heavily damaged.
The wraith closely misses you. The wraith barely misses you.
The wraith hits you!
You die...

.###.# #.#...# ...#.## #..
#.....# ......# #.# ###.##..#
.#.#..# ### #.# .... #..#
.#.#..# #>. #.# #.# #..#
.#.#..#####.# #.# #.# #..#
............# #.# #.# #..#
.#.#...####.####.####.####..#
..###...........@W..........#
.# ##.......#####.........##
## ##.###.## #.##.###### .##
##.....!# #.##.#
..###...###.### #.##.#
.#.#..<.......####.##.#
...................##.#
###########.#.........# .
....?.[.###########


You could see a wraith.

Vanquished Creatures
  A hippogriff (D:5)
  Sigmund (D:3)
  Eustachio (D:6)
  An ice beast (D:6)
  3 ogres
  3 bullfrogs
  A scorpion (D:4)
  A howler monkey (D:5)
  3 crimson imps
  A bullfrog zombie (D:7)
  A centaur zombie (D:5)
  A jelly (D:7)
  3 orc priests (D:7)
  A centaur skeleton (D:4)
  A bullfrog skeleton (D:6)
  A gnoll shaman (D:2)
  3 iguanas (D:4)
  3 orc wizards
  2 worker ants
  2 hound zombies
  A howler monkey skeleton (D:7)
  4 gnolls
  11 adders
  2 oozes
  An adder skeleton (D:6)
  2 worms
  4 dart slugs
  3 leopard geckos
  8 orcs
  8 giant cockroaches
  7 hobgoblins
  8 jackals
  10 kobolds
  2 quokkas
  2 ball pythons
  3 bats
  6 frilled lizards
  A giant cockroach zombie (D:4)
  5 goblins
  A jackal zombie (D:5)
  2 quokka skeletons (D:4)
  A quokka zombie (D:5)
  10 rats
136 creatures vanquished.

Vanquished Creatures (others)
  270 foxfires
270 creatures vanquished.

Grand Total: 406 creatures vanquished

Notes
Turn   | Place    | Note
-------+----------+-------------------------------------------
     0 | D:1      | KiliKikkendorf the Hill Orc Fire Elementalist began the
                  | quest for the Orb.
     0 | D:1      | Reached XP level 1. HP: 14/14 MP: 3/3
   152 | D:1      | Reached skill level 1 in Axes
   152 | D:1      | Reached XP level 2. HP: 20/20 MP: 1/4
   765 | D:1      | Reached XP level 3. HP: 26/26 MP: 5/5
  1385 | D:2      | Reached skill level 2 in Axes
  1638 | D:2      | Reached XP level 4. HP: 29/33 MP: 7/7
  1671 | D:2      | Found a sparkling altar of Nemelex Xobeh.
  1831 | D:2      | Reached skill level 3 in Axes
  2139 | D:2      | Reached XP level 5. HP: 15/39 MP: 8/8
  2341 | D:3      | Reached skill level 1 in Throwing
  2341 | D:3      | Reached skill level 1 in Armour
  2794 | D:3      | Noticed Sigmund
  2874 | D:3      | Killed Sigmund
  2874 | D:3      | Reached skill level 1 in Fighting
  2874 | D:3      | Reached skill level 4 in Axes
  2874 | D:3      | Reached XP level 6. HP: 16/47 MP: 9/9
  3806 | D:3      | Reached XP level 7. HP: 52/52 MP: 10/10
  3945 | D:3      | Reached skill level 5 in Axes
  4655 | D:5      | Entered Level 5 of the Dungeon
  4705 | D:5      | Reached skill level 6 in Axes
  5203 | D:5      | Found a staircase to the Ecumenical Temple.
  5228 | Temple   | Entered the Ecumenical Temple
  5369 | Temple   | Became a worshipper of Vehumet
  5487 | D:5      | Reached XP level 8. HP: 23/61 MP: 12/12
  5759 | D:5      | Noticed a hippogriff
  5933 | D:5      | Learned a level 3 spell: Inner Flame
  6048 | D:5      | Reached skill level 5 in Fire Magic
  6120 | D:5      | Found a shattered altar of Ashenzari.
  6271 | D:5      | Killed a hippogriff
  6271 | D:5      | Reached skill level 7 in Axes
  6981 | D:6      | Noticed Eustachio
  7032 | D:6      | Killed Eustachio
  7712 | D:7      | Reached * piety under Vehumet
  7712 | D:7      | Offered knowledge of Magic Dart by Vehumet.
  7719 | D:7      | Reached XP level 9. HP: 56/67 MP: 13/13
  8686 | D:7      | Slain by a wraith

Levels and vault maps discovered:
D:1:      saegor_arrival_simple_e, layout_basic, chequers_serial_rivers_micro_d,
          serial_park_tiny_1
D:2:      layout_loops_cross, overflow_temple_1_default, st_stairs_13,
          minmay_tetromino_l4
D:3:      layout_basic, portal_sewer_entry_d, uniq_sigmund
D:4:      layout_rooms, first_ration
D:5:      layout_loops_ring, minmay_temple_entry_ruins, lemuel_tele_altar
D:6:      layout_layer_cave, uniq_eustachio
D:7:      layout_loops_ring
Temple:   regret_index_temple_sigil_plot

Skill      XL: |  1  2  3  4  5  6  7  8  9 |
---------------+----------------------------+-----
Axes           | 1 2 3 4 6 7 |  7.8
Spellcasting   | 2 3 |  3.4
Throwing       | 1 2 3 4 |  4.2
Armour         | 1 2 3 |  3.0
Fighting       | 1 2 |  2.4
Dodging        | 2 3 |  3.1
Fire Magic     | 4 5 |  5.8
Conjurations   | 2 3 |  3.1
Stealth        | 2 |  2.1
Crossbows      | |  0.2

Action                   |  1- 3 |  4- 6 |  7- 9 || total
-------------------------+-------+-------+-------++-------
Melee: Hand axe          |    98 |   120 |   243 ||   461
 Fire: Arbalest          |       |       |     4 ||     4
Throw: Dart              |    15 |    39 |   116 ||   170
 Cast: Foxfire           |    17 |    39 |   150 ||   206
       Inner Flame       |       |       |     2 ||     2
Evoke: Wand              |       |       |     4 ||     4
  Use: Scroll            |     7 |     1 |     5 ||    13
       Potion            |       |     2 |     9 ||    11
 Stab: Sleeping          |       |     1 |       ||     1
  Eat: Ration            |     1 |     1 |     5 ||     7
       Chunk             |       |     3 |     1 ||     4
Armor: Scale mail        |    19 |       |       ||    19
       Ring mail         |    27 |    40 |       ||    67
       Leather armour    |       |    11 |   126 ||   137
Dodge: Dodged            |    50 |    76 |   179 ||   305

Table legend:
 A = Non-vault XP
 B = Vault XP
 C = Vault XP percentage of total XP
 D = Non-vault monster count
 E = Vault monster count
 F = Vault count percentage of total count
                 A         B        C        D         E       F
            +---------+---------+-------+---------+---------+-------
      Total |    2398 |     388 |  13.9 |     128 |       8 |   5.9
            +---------+---------+-------+---------+---------+-------
        D:1 |      35 |       9 |  20.5 |      16 |       3 |  15.8
        D:2 |     111 |       3 |   2.6 |      21 |       2 |   8.7
        D:3 |     234 |     188 |  44.5 |      20 |       2 |   9.1
        D:4 |     394 |       0 |   0.0 |      23 |       0 |   0.0
        D:5 |     698 |       0 |   0.0 |      18 |       0 |   0.0
        D:6 |     367 |     188 |  33.9 |      14 |       1 |   6.7
        D:7 |     559 |       0 |   0.0 |      16 |       0 |   0.0
            +---------+---------+-------+---------+---------+-------
